Match 41298062
Unlisted

Match 41298062
End
Construct Barracks
Riflemen Squad
M1 Mortar Team
Riflemen Squad
Grenade Package
Riflemen Squad
Construct Medical Station
Riflemen Squad
Mechanized Support Center
Construct Motor Pool
M1918 Browning Automatic Rifles
M8 Greyhound Armored Car
Engineer Squad
Designate Forward Repair Station
M3 75 mm Gun Motor Carriage
.30 cal Machine Gun
Selects Heavy Weapons
Selects Heavy Weapons
Selects Assault Carriers
Selects Exchangeable Parts
M3 75 mm Gun Motor Carriage
Improvised Armor
Rapid Repairs
Salvage Crew
M3 75 mm Gun Motor Carriage
Engineer Squad
M1 Anti-tank Gun Team
【POW】游骑
THE one-冰封夕阳
The 2D Waifu Trafficker
TURBOMAN
ProxyFox
Personal Iroha Cushion
EisregenKubus0
∞ | Mèo Múp
0
0

Comments sign in to comment!

No comments posted yet!